APL (24 & UNDER)
SAVANNAH HOGS @ PENSACOLA PILOTS
08/30/2027
 
TOP OF THE 1ST
Savannah Hogs batting - Pitching for Pensacola Pilots : LHP Mario Galván
Pitching: LHP Mario Galván
Batting: RHB Ramón Gómez 0-0: Ball
1-0: Swinging Strike
1-1: Ball
2-1: Called Strike
2-2: Ball
3-2: Base on Balls
Batting: RHB Anastasio Movonda 0-0: Called Strike
0-1: Foul Ball, location: 2F
0-2: Fly out, F6 (Line Drive, 6)
Batting: LHB Ivan Costello 0-0: Called Strike
0-1: Ball
1-1: Called Strike
1-2: Strikes out looking
Batting: LHB Jim Clemente 0-0: Called Strike
0-1: TRIPLE (Line Drive, 7LM)
Ramón Gómez scores
Batting: RHB José Fajardo 0-0: Foul Ball, location: 2F
0-1: Ball
1-1: Foul Ball, location: 2F
1-2: Foul Ball, location: 2F
1-2: Foul Ball, location: 2F
1-2: Fly out, F9 (Flyball, 9S)
Top of the 1st over - 1 run(s), 1 hit(s), 0 error(s), 1 left on base; Savannah 1 - Pensacola 0
BOTTOM OF THE 1ST
Pensacola Pilots batting - Pitching for Savannah Hogs : RHP Ramón Martínez
Pitching: RHP Ramón Martínez
Batting: SHB José Velásquez 0-0: Ball
1-0: Foul Ball, location: 2F
1-1: Ball
2-1: Called Strike
2-2: Ball
3-2: Strikes out looking
Batting: RHB Roberto Gómez 0-0: Swinging Strike
0-1: Ball
1-1: Ball
2-1: Foul Ball, location: 2F
2-2: Foul Ball, location: 2F
2-2: Ball
3-2: Strikes out swinging
Batting: RHB Aaron Grizzle 0-0: Ball
1-0: Ball
2-0: Ball
3-0: Called Strike
3-1: Base on Balls
Batting: LHB Weston Chaney 0-0: Called Strike
0-1: Ball
1-1: Ball
2-1: Fly out, F7 (Line Drive, 7D)
Bottom of the 1st over - 0 run(s), 0 hit(s), 0 error(s), 1 left on base; Savannah 1 - Pensacola 0
TOP OF THE 2ND
Savannah Hogs batting - Pitching for Pensacola Pilots : LHP Mario Galván
Batting: RHB Guillermo González 0-0: Ball
1-0: Ball
2-0: Called Strike
2-1: Foul Ball, location: 2F
2-2: Fly out, F8 (Line Drive, 8RD)
Batting: RHB Remi Eruzione 0-0: Ball
1-0: Ball
2-0: Foul Ball, location: 2F
2-1: Ground out 1-3 (Groundball, P)
Batting: RHB Alex Whitehead 0-0: Ball
1-0: Ball
2-0: Ground out 5-3 (Groundball, 56S)
Top of the 2nd over - 0 run(s), 0 hit(s), 0 error(s), 0 left on base; Savannah 1 - Pensacola 0
BOTTOM OF THE 2ND
Pensacola Pilots batting - Pitching for Savannah Hogs : RHP Ramón Martínez
Batting: RHB Julian Lee 0-0: Called Strike
0-1: Ball
1-1: Ball
2-1: Fly out, F7 (Flyball, 7)
Batting: SHB Carlos González 0-0: Fly out, F8 (Flyball, 8LS)
Batting: LHB Pedro Ramos 0-0: Ball
1-0: Ball
2-0: Ball
3-0: Base on Balls
Batting: RHB Markus Cummins 0-0: Ball
1-0: Ball
2-0: Ball
3-0: Called Strike
3-1: Called Strike
3-2: Base on Balls
Pedro Ramos to second
Batting: RHB Pietro Ciccoritti 0-0: Called Strike
0-1: Ball
1-1: Foul Ball, location: 2F
1-2: Foul Ball, location: 2F
1-2: Ground out 1-3 (Groundball, 13)
Bottom of the 2nd over - 0 run(s), 0 hit(s), 0 error(s), 2 left on base; Savannah 1 - Pensacola 0
TOP OF THE 3RD
Savannah Hogs batting - Pitching for Pensacola Pilots : LHP Mario Galván
Batting: RHB Ernesto Gómez 0-0: Bunted foul
0-1: Ball
1-1: SINGLE (Groundball, 34D)
Batting: RHB Ramón Gómez 0-0: Fly out, F5 (Popup, 5S)
Batting: RHB Anastasio Movonda 0-0: Ball
Ernesto Gómez is caught stealing 2nd base
1-0: Ball
2-0: Ball
3-0: Base on Balls
Batting: LHB Ivan Costello 0-0: Ball
1-0: Called Strike
Anastasio Movonda steals 2nd base
1-1: Called Strike
1-2: Ball
2-2: Foul Ball, location: 2F
2-2: Foul Ball, location: 2F
2-2: Ball
3-2: Foul Ball, location: 2F
3-2: Foul Ball, location: 2F
3-2: SINGLE (Groundball, 34D)
Anastasio Movonda to third
Anastasio Movonda scores
Batting: LHB Jim Clemente 0-0: Called Strike
0-1: SINGLE (Line Drive, 6D)
Ivan Costello to second
Batting: RHB José Fajardo 0-0: Ball
1-0: Called Strike
1-1: Ball
2-1: Swinging Strike
2-2: Ground out 5-3 (Groundball, 56S)
Top of the 3rd over - 1 run(s), 3 hit(s), 0 error(s), 2 left on base; Savannah 2 - Pensacola 0
BOTTOM OF THE 3RD
Pensacola Pilots batting - Pitching for Savannah Hogs : RHP Ramón Martínez
Batting: SHB José Velásquez 0-0: Called Strike
0-1: Called Strike
0-2: Foul Ball, location: 2F
0-2: Strikes out swinging
Batting: RHB Roberto Gómez 0-0: SOLO HOME RUN (Flyball, 78XD), Distance : 434 ft
Batting: RHB Aaron Grizzle 0-0: Called Strike
0-1: Foul Ball, location: 2F
0-2: Strikes out swinging
Batting: LHB Weston Chaney 0-0: Fly out, F7 (Flyball, 7S)
Bottom of the 3rd over - 1 run(s), 1 hit(s), 0 error(s), 0 left on base; Savannah 2 - Pensacola 1
TOP OF THE 4TH
Savannah Hogs batting - Pitching for Pensacola Pilots : LHP Mario Galván
Batting: RHB Guillermo González 0-0: Called Strike
0-1: Foul Ball, location: 2F
0-2: Ball
1-2: Ball
2-2: Strikes out swinging
Batting: RHB Remi Eruzione 0-0: Called Strike
0-1: Ball
1-1: Swinging Strike
1-2: Foul Ball, location: 2F
1-2: Ball
2-2: Ball
3-2: Base on Balls
Batting: RHB Alex Whitehead 0-0: Ball
1-0: Called Strike
Remi Eruzione steals 2nd base
1-1: Ball
2-1: Called Strike
2-2: Strikes out swinging
Batting: RHB Ernesto Gómez 0-0: Called Strike
0-1: Swinging Strike
0-2: Fly out, F8 (Flyball, 8RM)
Top of the 4th over - 0 run(s), 0 hit(s), 0 error(s), 1 left on base; Savannah 2 - Pensacola 1
BOTTOM OF THE 4TH
Pensacola Pilots batting - Pitching for Savannah Hogs : RHP Ramón Martínez
Batting: RHB Julian Lee 0-0: Called Strike
0-1: Called Strike
0-2: Ball
1-2: Foul Ball, location: 2F
1-2: Ball
2-2: Ground out 6-3 (Groundball, 6)
Batting: SHB Carlos González 0-0: SINGLE (Groundball, 4D)
Batting: LHB Pedro Ramos 0-0: Ball
1-0: SINGLE (Flyball, 89S)
Carlos González to second
Runner from 2nd tries for 3rd, SAFE, no throw
Batting: RHB Markus Cummins 0-0: Ball
Pedro Ramos is caught stealing 2nd base
1-0: Ball
2-0: DOUBLE (Line Drive, 78D)
Carlos González scores
Batting: RHB Pietro Ciccoritti 0-0: Swinging Strike
0-1: Ground out 6-3 (Groundball, 6)
Bottom of the 4th over - 1 run(s), 3 hit(s), 0 error(s), 1 left on base; Savannah 2 - Pensacola 2
TOP OF THE 5TH
Savannah Hogs batting - Pitching for Pensacola Pilots : LHP Mario Galván
Batting: RHB Ramón Gómez 0-0: Ball
1-0: Ball
2-0: Ball
3-0: Called Strike
3-1: Base on Balls
Batting: RHB Anastasio Movonda 0-0: Ball
1-0: Ball
2-0: Ball
3-0: Called Strike
3-1: Base on Balls
Ramón Gómez to second
Batting: LHB Ivan Costello 0-0: Ball
1-0: Called Strike
1-1: Called Strike
1-2: Strikes out looking
Batting: LHB Jim Clemente 0-0: Called Strike
0-1: Called Strike
0-2: Ball
1-2: TRIPLE (Groundball, 3L)
Ramón Gómez scores
Anastasio Movonda scores
Batting: RHB José Fajardo 0-0: Ball
1-0: Ground out 1-3 (Groundball, 13S)
Batting: RHB Guillermo González 0-0: Fly out, F9 (Flyball, 9S)
Top of the 5th over - 2 run(s), 1 hit(s), 0 error(s), 1 left on base; Savannah 4 - Pensacola 2
BOTTOM OF THE 5TH
Pensacola Pilots batting - Pitching for Savannah Hogs : RHP Ramón Martínez
Batting: SHB José Velásquez 0-0: Ball
1-0: Fly out, F4 (Popup, 4)
Batting: RHB Roberto Gómez 0-0: Called Strike
0-1: Ball
1-1: Ball
2-1: Ball
3-1: Base on Balls
Batting: RHB Aaron Grizzle 0-0: Ball
Roberto Gómez steals 2nd base
1-0: Ball
2-0: Called Strike
2-1: Fly out, F8 (Flyball, 78M)
Batting: LHB Weston Chaney 0-0: Ball
1-0: Ball
2-0: Called Strike
2-1: Foul Ball, location: 2F
2-2: Foul Ball, location: 2F
2-2: Fly out, F8 (Flyball, 8RM)
Bottom of the 5th over - 0 run(s), 0 hit(s), 0 error(s), 1 left on base; Savannah 4 - Pensacola 2
TOP OF THE 6TH
Savannah Hogs batting - Pitching for Pensacola Pilots : LHP Mario Galván
Batting: RHB Remi Eruzione 0-0: Called Strike
0-1: Swinging Strike
0-2: Ground out 6-3 (Groundball, 6MS)
Batting: RHB Alex Whitehead 0-0: Ball
1-0: Ball
2-0: Called Strike
2-1: Ball
3-1: Foul Ball, location: 2F
3-2: Foul Ball, location: 2F
3-2: Foul Ball, location: 2F
3-2: Foul Ball, location: 2F
3-2: Base on Balls
Pitching: RHP Jesús Núńez
Batting: RHB Ernesto Gómez 0-0: Ball
1-0: Foul Ball, location: 2F
1-1: Ball
2-1: Ball
3-1: Grounds into double play, 4-6-3 (Groundball, 34)
Top of the 6th over - 0 run(s), 0 hit(s), 0 error(s), 0 left on base; Savannah 4 - Pensacola 2
BOTTOM OF THE 6TH
Pensacola Pilots batting - Pitching for Savannah Hogs : RHP Ramón Martínez
Batting: RHB Julian Lee 0-0: Ball
1-0: Ball
2-0: Ball
3-0: Called Strike
3-1: Foul Ball, location: 2F
3-2: Foul Ball, location: 2F
3-2: Foul Ball, location: 2F
3-2: Base on Balls
Pitching: RHP Ubaldo Tavaia
Batting: SHB Carlos González 0-0: Ball
Julian Lee is caught stealing 2nd base
1-0: Called Strike
1-1: Ball
2-1: Foul Ball, location: 2F
2-2: Strikes out swinging
Batting: LHB Pedro Ramos 0-0: Foul Ball, location: 2F
0-1: Called Strike
0-2: Ball
1-2: Ball
2-2: Foul Ball, location: 2F
2-2: Foul Ball, location: 2F
2-2: Ball
3-2: Ground out 6-3 (Groundball, 6)
Bottom of the 6th over - 0 run(s), 0 hit(s), 0 error(s), 0 left on base; Savannah 4 - Pensacola 2
TOP OF THE 7TH
Savannah Hogs batting - Pitching for Pensacola Pilots : RHP Jesús Núńez
Batting: RHB Ramón Gómez 0-0: Ball
1-0: SINGLE (Line Drive, 4MD)
Batting: RHB Anastasio Movonda 0-0: Called Strike
Ramón Gómez steals 2nd base
0-1: Foul Ball, location: 2F
0-2: Strikes out looking
Batting: LHB Ivan Costello 0-0: Ball
Ramón Gómez is caught stealing 3rd base
1-0: Called Strike
1-1: Foul Ball, location: 2F
1-2: Ball
2-2: Ball
3-2: Base on Balls
Batting: LHB Jim Clemente 0-0: Foul Ball, location: 2F
0-1: Foul Ball, location: 2F
0-2: Ball
1-2: Strikes out looking
Top of the 7th over - 0 run(s), 1 hit(s), 0 error(s), 1 left on base; Savannah 4 - Pensacola 2
BOTTOM OF THE 7TH
Pensacola Pilots batting - Pitching for Savannah Hogs : RHP Ubaldo Tavaia
Batting: RHB Markus Cummins 0-0: Ball
1-0: Swinging Strike
1-1: Called Strike
1-2: Strikes out swinging
Batting: RHB Pietro Ciccoritti 0-0: Foul Ball, location: 2F
0-1: Ball
1-1: Foul Ball, location: 2F
1-2: Ball
2-2: Strikes out swinging
Batting: SHB José Velásquez 0-0: Ball
1-0: Ball
2-0: Foul Ball, location: 2F
2-1: Ball
3-1: Ground out 4-3 (Groundball, 4D)
Bottom of the 7th over - 0 run(s), 0 hit(s), 0 error(s), 0 left on base; Savannah 4 - Pensacola 2
TOP OF THE 8TH
Savannah Hogs batting - Pitching for Pensacola Pilots : RHP Jesús Núńez
Batting: RHB José Fajardo 0-0: Ball
1-0: Called Strike
1-1: Swinging Strike
1-2: Strikes out swinging
Batting: RHB Guillermo González 0-0: Swinging Strike
0-1: Ball
1-1: Foul Ball, location: 2F
1-2: Ball
2-2: Foul Ball, location: 2F
2-2: Ball
3-2: Fly out, F4 (Popup, 4)
Pitching: RHP Manuel Valdés
Batting: RHB Remi Eruzione 0-0: Ball
1-0: SINGLE (Line Drive, 89S)
Batting: RHB Alex Whitehead 0-0: Ball
1-0: Ball
Remi Eruzione steals 2nd base
2-0: Ball
3-0: Base on Balls
Pinch Hitting: LHB Juan Delgado 0-0: Fly out, F9 (Line Drive, 9)
Top of the 8th over - 0 run(s), 1 hit(s), 0 error(s), 2 left on base; Savannah 4 - Pensacola 2
BOTTOM OF THE 8TH
Pensacola Pilots batting - Pitching for Savannah Hogs : RHP Ubaldo Tavaia
Now in RF: Juan Delgado
Batting: RHB Roberto Gómez 0-0: Called Strike
0-1: Foul Ball, location: 2F
0-2: Foul Ball, location: 2F
0-2: Ground out 5-3 (Groundball, 56S)
Batting: RHB Aaron Grizzle 0-0: Called Strike
0-1: Ball
1-1: DOUBLE (Line Drive, 8LD)
Batting: LHB Weston Chaney 0-0: Ball
1-0: Foul Ball, location: 2F
1-1: Ball
2-1: Called Strike
2-2: SINGLE (Line Drive, 7S)
Aaron Grizzle to third
Runner from 3rd tries for Home, SAFE, throw made home
Pitching: RHP José Gonzáles
Pinch Runner at 1st Bill Stephenson:
Pinch Hitting: LHB Brenton Carter 0-0: Called Strike
0-1: Ball
1-1: Foul Ball, location: 2F
1-2: Ball
2-2: Ball
Passed Ball!
Bill Stephenson to second
3-2: Base on Balls
Pitching: RHP Leonardo De La Garza
Pinch Hitting: RHB Jesús Sánchez 0-0: Ball
1-0: Ball
2-0: Ball
3-0: Base on Balls
Bill Stephenson to third
Brenton Carter to second
Batting: LHB Pedro Ramos 0-0: Called Strike
0-1: Foul Ball, location: 2F
0-2: Ball
1-2: Strikes out looking
Pinch Hitting: LHB Ricardo García 0-0: Foul Ball, location: 2F
0-1: Ball
1-1: Foul Ball, location: 2F
1-2: Strikes out swinging
Bottom of the 8th over - 1 run(s), 2 hit(s), 0 error(s), 3 left on base; Savannah 4 - Pensacola 3
TOP OF THE 9TH
Savannah Hogs batting - Pitching for Pensacola Pilots : RHP Manuel Valdés
Now at 1B: Brenton Carter
Now at 2B: Robert Rose
Now in LF: Ricardo García
Now in CF: Bill Stephenson
Batting: RHB Ramón Gómez 0-0: Ball
1-0: Ball
2-0: Called Strike
2-1: Ball
3-1: Called Strike
3-2: DOUBLE (Line Drive, 89M)
Pinch Hitting: LHB Guillermo Santos 0-0: Ball
1-0: Foul Ball, location: 2F
1-1: Bunt missed!
1-2: Ground out 1-3 (Groundball, P)
Ramón Gómez to third
Batting: LHB Ivan Costello 0-0: Ball
1-0: Ball
2-0: Foul Ball, location: 2F
2-1: Foul Ball, location: 2F
2-2: Ball
3-2: Base on Balls
Batting: LHB Jim Clemente 0-0: Foul Ball, location: 2F
0-1: 3-RUN HOME RUN (Line Drive, 78XD), Distance : 435 ft
Batting: RHB José Fajardo 0-0: SINGLE (Groundball, 4D)
Batting: RHB Guillermo González 0-0: Called Strike
0-1: Swinging Strike
0-2: Foul Ball, location: 2F
0-2: Fielders Choice at 2nd, 5-4 (Groundball, 56)
Batting: RHB Remi Eruzione 0-0: Called Strike
0-1: Ball
1-1: SINGLE (Line Drive, 34)
Guillermo González to second
Batting: RHB Alex Whitehead 0-0: Foul Ball, location: 2F
0-1: Foul Ball, location: 2F
0-2: Ground out 5-3 (Groundball, 56S)
Top of the 9th over - 3 run(s), 4 hit(s), 0 error(s), 2 left on base; Savannah 7 - Pensacola 3
BOTTOM OF THE 9TH
Pensacola Pilots batting - Pitching for Savannah Hogs : RHP Leonardo De La Garza
Now at SS: Henry Dawson
Batting: RHB Pietro Ciccoritti 0-0: Ball
1-0: Ball
2-0: Ball
3-0: Called Strike
3-1: Ground out 5-3 (Groundball, 56)
Batting: SHB José Velásquez 0-0: SINGLE (Line Drive, 8RS)
Batting: RHB Roberto Gómez 0-0: Ball
1-0: Called Strike
1-1: Swinging Strike
1-2: Ball
2-2: Strikes out looking
Batting: RHB Aaron Grizzle 0-0: Ball
1-0: Foul Ball, location: 2F
1-1: Called Strike
1-2: Fly out, F7 (Flyball, 7S)
Bottom of the 9th over - 0 run(s), 1 hit(s), 0 error(s), 1 left on base; Savannah 7 - Pensacola 3
Thursday, March 30th, 2017 - OOTP Baseball 17.12 Build 75